 Dungeon Crawl Stone Soup version 0.31.0-11-ge490571c62 (webtiles) character file.

Game seed: 10887960612235003319

28 qw the Shooter (level 2, 0/14 HPs)
             Began as a Spriggan Hunter on Feb 3, 2024.
             Slain by a hobgoblin (2 damage)
             ... led by Robin
             ... on level 2 of the Dungeon.
             The game lasted 00:00:28 (1020 turns).

qw the Shooter (Spriggan Hunter)                    Turns: 1020, Time: 00:00:28

Health: 0/14       AC:  2    Str:  7    XL:     2   Next: 96%
Magic:  3/3        EV: 19    Int: 10    God:
Gold:   51         SH:  0    Dex: 18    Spells: 1/1 levels left

rFire   . . .        a - +0 shortbow
rCold   . . .        (shield currently unavailable)
rNeg    . . .        c - +0 robe
rPois   +            (helmet restricted)
rElec   .            (no cloak)
rCorr   .            (gloves unavailable)
SInv    +            (boots unavailable)
Will    .....        (no amulet)
Stlth   ++           d - ring of poison resistance
HPRegen 0.22/turn    (no ring)
MPRegen 0.08/turn

%: no passive effects
@: very quick
A: very small, no large weapons, unfitting armour, see invisible, speed 3
a: no special abilities


You were on level 2 of the Dungeon.
You visited 1 branch of the dungeon, and saw 2 of its levels.

You collected 51 gold pieces.


Innate Abilities, Weirdness & Mutations

You are very small and have problems with some larger weapons.
You are too small for most types of armour.
You have supernaturally acute eyesight. (SInv)
You cover ground extremely quickly. (Speed+++)


   Skills:
 - Level 1.5 Fighting
 + Level 4.4 Ranged Weapons
 - Level 4.0 Dodging
 - Level 1.5 Stealth


You had one spell level left.
You didn't know any spells.
Your spell library was empty.

Inventory:

Hand Weapons
 a - a +0 shortbow (weapon)
Armour
 c - a +0 robe (worn)
Jewellery
 d - a ring of poison resistance (left hand)
Scrolls
 e - a scroll of noise {unknown}
 g - a scroll of identify
 h - a scroll of amnesia {unknown}
 i - a scroll of teleportation {unknown}
Potions
 b - a potion of haste {unknown}
 f - a potion of brilliance {unknown}

Dungeon Overview and Level Annotations

Branches:
Dungeon (2/15)

Altars:
Nemelex Xobeh

Shops:
D:2 [

Annotations:
D:2 Robin


Message History

The bat closely misses you.
Enter note:
Enter note:
Enter note:
1011 ||| RETREEEEATING.
Enter note:
Enter note:
Enter note:
1012 ||| RETREEEEATING.
The bat closely misses you. The bat completely misses you.
Enter note:
Enter note:
Enter note:
1013 ||| RETREEEEATING.
Enter note:
Enter note:
Enter note:
1014 ||| RETREEEEATING.
Robin throws the goblin at you!
Enter note:
Enter note:
Enter note:
1015 ||| RETREEEEATING.
You shoot an arrow. The arrow closely misses the bat.
The bat completely misses you. The goblin hits you with a +0 dagger.
You shoot an arrow. The arrow hits the goblin.
You kill the goblin!
The bat completely misses you.
You shoot an arrow. The arrow hits the hobgoblin.
The hobgoblin is lightly wounded.
The hobgoblin barely misses you. Robin throws the goblin at you!
Enter note:
Enter note:
Enter note:
1019 ||| RETREEEEATING.
You shoot an arrow. The arrow hits the hobgoblin.
The hobgoblin is severely wounded.
The hobgoblin no longer looks unusually strong.
The hobgoblin hits you.
You die...

##### #>..### ####
#.#...## #...
#gb..gg## #$..
#g###..)#######.Jg
#@# #.....).)##.gg
#.# #####g..gg#...
#.# ###.g.)... #.#
###.)).# #.#
####.. #.#
######## ### #.#
#......# #.#
#......# #.#
#......#


You could see a hobgoblin, a goblin (strong) and a bat.

Vanquished Creatures
  4 endoplasms
  A hobgoblin (D:2)
  2 quokkas (D:2)
  4 ball pythons
  2 bats (D:2)
  A frilled lizard (D:2)
  7 goblins (D:2)
  A kobold (D:2)
  4 rats (D:1)
26 creatures vanquished.

Notes
Turn   | Place    | Note
-------+----------+-------------------------------------------
     0 | D:1      | qw the Spriggan Hunter began the quest for the Orb.
     0 | D:1      | Reached XP level 1. HP: 10/10 MP: 2/2
     0 | D:1      | 0 ||| qw: Version: 0.3-a-155-g5e7d8dd
     0 | D:1      | 0 ||| qw: Game counter: 3362
     0 | D:1      | 0 ||| qw: Melee chars always use a shield: true
     0 | D:1      | 0 ||| qw: God list: Okawaru
     0 | D:1      | 0 ||| qw: Allow faded altars: false
     0 | D:1      | 0 ||| qw: Do Orc after clearing Dungeon:15 true
     0 | D:1      | 0 ||| qw: Do second Lair branch before Depths: true
     0 | D:1      | 0 ||| qw: Lair rune preference: random
     0 | D:1      | 0 ||| qw: Goals: Normal
     0 | D:1      | 0 ||| PLANNING D:1-11
    57 | D:1      | Reached skill level 3 in Dodging
   189 | D:1      | Found a faded altar of an unknown god.
   249 | D:1      | Reached XP level 2. HP: 14/14 MP: 3/3
   466 | D:1      | 466 ||| UPGRADING to ring of poison resistance.
   467 | D:1      | 467 ||| READING 2 scrolls labelled NARRAZY ULEYS.
   568 | D:1      | 568 ||| READING scroll labelled VUFEWU TITOMUL.
   568 | D:1      | 568 ||| ENCHANTING +0 shortbow.
   569 | D:1      | 569 ||| READING 2 scrolls labelled FUCHAU REAXOMN.
   570 | D:1      | 570 ||| DROPPING scroll of butterflies.
   571 | D:1      | 571 ||| DROPPING scroll of vulnerability.
   653 | D:2      | Found a sparkling altar of Nemelex Xobeh.
   805 | D:2      | Found Ihoepn's Armour Boutique.
   813 | D:2      | 813 ||| SHOPLISTING +1 robe of Fisowk {rElec rN++} (362
                  | gold, have 29).
   813 | D:2      | 813 ||| SHOPLISTING +1 robe of Oxoenay {Dex+4} (253 gold,
                  | have 29).
   986 | D:2      | Noticed Robin
   988 | D:2      | 988 ||| RETREEEEATING.
   989 | D:2      | 989 ||| RETREEEEATING.
   990 | D:2      | 990 ||| RETREEEEATING.
   991 | D:2      | 991 ||| RETREEEEATING.
   992 | D:2      | 992 ||| RETREEEEATING.
   993 | D:2      | 993 ||| RETREEEEATING.
   998 | D:2      | 998 ||| RETREEEEATING.
  1000 | D:2      | 1000 ||| RETREEEEATING.
  1001 | D:2      | 1001 ||| RETREEEEATING.
  1002 | D:2      | 1002 ||| RETREEEEATING.
  1003 | D:2      | 1003 ||| RETREEEEATING.
  1004 | D:2      | 1004 ||| RETREEEEATING.
  1008 | D:2      | 1008 ||| RETREEEEATING.
  1009 | D:2      | 1009 ||| RETREEEEATING.
  1011 | D:2      | 1011 ||| RETREEEEATING.
  1012 | D:2      | 1012 ||| RETREEEEATING.
  1013 | D:2      | 1013 ||| RETREEEEATING.
  1014 | D:2      | 1014 ||| RETREEEEATING.
  1015 | D:2      | 1015 ||| RETREEEEATING.
  1018 | D:2      | HP: 1/14 [Robin/goblin (3)]
  1019 | D:2      | 1019 ||| RETREEEEATING.
  1020 | D:2      | Slain by a hobgoblin

Levels and vault maps discovered:
D:1:      wander_arrival_fairy_ring, layout_basic,
          ebering_ecumenical_altar_abandoned
D:2:      minmay_chambers_of_ones, layout_basic, basic_altar, serial_shops,
          shop, chequers_serial_rivers_room_a, uniq_robin

Skill      XL: |  1  2 |
---------------+-------+-----
Dodging        | 3 4 |  4.0
Fighting       | |  1.5
Ranged Weapons | |  4.4
Stealth        | |  1.5

Action                     || total
---------------------------++-------
   Fire: Shortbow          ||    54
    Use: Scroll            ||     3
 Armour: Robe              ||    15
  Dodge: Dodged            ||    34

Table legend:
 A = Non-vault XP
 B = Vault XP
 C = Vault XP percentage of total XP
 D = Non-vault monster count
 E = Vault monster count
 F = Vault count percentage of total count
                 A         B        C        D         E       F
            +---------+---------+-------+---------+---------+-------
      Total |      27 |      13 |  32.5 |      19 |       7 |  26.9
            +---------+---------+-------+---------+---------+-------
        D:1 |      13 |       0 |   0.0 |      10 |       0 |   0.0
        D:2 |      14 |      13 |  48.1 |       9 |       7 |  43.8
            +---------+---------+-------+---------+---------+-------
